[Event "Portuguese-ch U14-20 2022"]
[Site "Fatima"]
[Date "2022.04.13"]
[Round "6.24"]
[White "Guia, Artur Solovyov Eloy"]
[Black "Goncalves, Ruan Lucas Alves"]
[Result "0-1"]
[ECO "D02"]
[WhiteElo "1932"]
[BlackElo "1963"]
[Annotator "TA"]
[PlyCount "86"]
[EventDate "2022.04.10"]
[EventType "swiss"]
[EventCountry "POR"]
[SourceTitle "playchess.com"]
[Source "ChessBase"]
[SourceQuality "1"]
[TimeControl "5400+30"]

1. d4 d5 2. Bf4 Nf6 3. Nf3 e6 4. e3 c5 5. c3 Nc6 6. Nbd2 Be7 {[%emt 0:06:46] Recently 6...cxd4 got a lot of attention.} 7. Ne5 Nxe5 {[%emt 0:04:08] D02: 1 d4 d5 2 Nf3 sidelines, including 2...Nf6 3 g3 and 2...Nf6 3 Bf4.} 8. dxe5 Nd7 9. Bd3 Nf8 {[%emt 0:08:55] [#] The position is equal.} (9... g5 $5 10. Bg3 h5 $11) 10. Qe2 $146 ({Predecessor:} 10. Bg3 Bd7 11. O-O Bc6 12. Qe2 Qc7 13. f4 g6 14. c4 dxc4 15. Nxc4 b5 16. Nd6+ Bxd6 17. exd6 {1-0 (44) Gordievsky,D (2630)-Kunal,M (2340) Hanoi 2018}) 10... a6 11. Rd1 Ng6 12. Bg3 $1 O-O 13. h4 f5 (13... Re8 $14) 14. exf6 $1 $16 Rxf6 15. h5 Nf8 16. Be5 Rf7 17. Qg4 (17. h6 g6 $14) 17... Bf6 18. Nf3 Nd7 {[%emt 0:11:14] [#]} (18... h6 $16 {keeps fighting.}) 19. Bxh7+ $2 Kxh7 $11 20. h6 (20. Bxf6 $11 Qxf6 21. Ng5+ Kg8 22. Nxf7 Qxf7 23. h6) 20... Kg8 $2 {[%emt 0:00:30][%mdl 8192] [#]} (20... Nxe5 21. hxg7+) (20... gxh6 21. Rxh6+ $3 Kxh6 22. Ke2 $1) (20... g6 $17 21. Bxf6 Rxf6 22. Ng5+ Kh8) 21. Qg6 $4 Qf8 $4 {[%emt 0:03:22][%mdl 8192] [#]} (21... Bxe5 22. Ng5 Qxg5 23. Qxg5 $16 (23. h7+ Kh8 $11)) (21... Nxe5 $19 {and life is good for Black.} 22. Nxe5 Bxe5 23. h7+ Kh8 24. Qxf7 Bd7) 22. Ng5 $1 $18 {[%emt 0:02:37][%mdl 64] Deflection} Bxg5 {[%emt 0:00:13] [#]} 23. hxg7 $1 Rxg7 24. Qxe6+ (24. Bxg7 Qxg7 25. Qxe6+ Kf8 26. Rxd5 Be7 27. Rxd7 Bxd7 28. Qxd7 Bf6 $14) 24... Qf7 {[%emt 0:00:16] [#]} 25. Rh8+ $3 {[%emt 0:00:36][%mdl 576] Deflection} Kxh8 26. Qxf7 Nxe5 27. Qe8+ Kh7 {[%emt 0:00:48] aiming for ...Ng6.} 28. Qxe5 Bd7 29. Rxd5 Bc6 30. Qf5+ ({Don't do} 30. Rxc5 $6 Rf8 31. Qd6 Kg8 32. Qe6+ Rff7 $18) 30... Kg8 (30... Kh8 $142 31. Rd6 (31. Rxc5 Rag8 $16) 31... Re8 32. Qxc5 Re4 33. Rxc6 bxc6 34. Qxc6 Rge7 35. Qxa6 Kg7) 31. Qe6+ Kh7 (31... Kh8 $2 32. Rxg5 $1 Rxg5 33. Qh6+ Kg8 34. Qxg5+ $18) 32. Qh3+ (32. Rxc5 $142 {Hoping for f4.} Rag8 33. Qh3+ Bh6 34. Rh5) 32... Kg8 33. Rd6 (33. Rxc5 $18 Bf6 34. Qe6+ Rf7 35. Qg4+ (35. Rf5 Bd7 $14) 35... Kf8 36. Rf5) 33... Re8 {[%emt 0:01:27] Prevents Qe6+.} (33... Rf8 $16) 34. Re6 (34. Qh5 $18 {[%cal Od6c6] Rxc6! is the strong threat.} Re5 35. f4) 34... Rf8 $16 {[%emt 0:01:26] [#]} 35. Re5 ({White should play} 35. Rxc6 $1 $16 bxc6 36. Qe6+ Kh8 37. Qxc6) 35... Bd7 {[%emt 0:01:49] Inhibits Qe6+.} (35... Bf6 $1 $11 36. Rxc5 Rxg2) 36. Qh5 Be7 37. g3 $2 (37. Qd1 $16 {keeps the pressure on.} Bc6 38. Qb3+ Kh8 39. Rh5+ Rh7 40. Rxh7+ Kxh7 41. Qe6) 37... Bg4 $36 {[%emt 0:00:48][%mdl 3072] Black has strong compensation. Black is really pushing. &Nero is more active.} 38. Qh6 Rf6 {[%emt 0:02:13] Inhibits Qb6. Dancing on a razor blade.} 39. Qh1 {[%emt 0:00:44][%mdl 8192] [#]} (39. Qxg7+ $17 Kxg7 40. Rxe7+ Kg6 41. Re8) 39... Bf3 $1 $19 40. Qh3 {[%emt 0:00:32] [#]} Rd6 $1 41. Qc8+ Bf8 {[%emt 0:00:30][%csl Gf3][%cal Rd6d1] This bishop pair is nice.} 42. Qe6+ Rxe6 43. Rxe6 Rd7 {[%emt 0:00:00] Never resign too early!  Weighted Error Value: White=0.82/Black=0.48} 0-1

[Event "Portuguese-ch U14-20 2022"]
[Site "Fatima"]
[Date "2022.04.13"]
[Round "6.25"]
[White "Pacetti Terra, Nicolas"]
[Black "Coelho, Goncalo Cavaz"]
[Result "1-0"]
[ECO "C00"]
[WhiteElo "1756"]
[BlackElo "1680"]
[Annotator "NA RC"]
[PlyCount "65"]
[EventDate "2022.04.10"]
[EventType "swiss"]
[EventCountry "POR"]
[SourceTitle "playchess.com"]
[Source "ChessBase"]
[SourceQuality "1"]
[TimeControl "5400+30"]

1. e4 e6 2. d3 d5 3. Nd2 Nf6 4. Ngf3 Nc6 5. c3 Bd6 6. Be2 O-O 7. O-O a5 8. Re1 Re8 9. Bf1 e5 10. exd5 Nxd5 11. Nc4 Bg4 12. Ne3 Nxe3 13. Bxe3 Qf6 14. Be2 h6 15. Nd2 Bxe2 16. Rxe2 Rad8 17. a4 Qg6 18. Nc4 Bf8 19. Rd2 f5 20. f3 f4 21. Bf2 b6 22. Qe2 Bd6 23. Qe4 Qxe4 24. dxe4 Kf7 25. Bxb6 Rb8 26. Nxd6+ cxd6 27. Bc7 Rb7 28. Bxd6 Rd8 29. Rad1 Rbd7 30. c4 Nd4 31. c5 Nb3 32. Rd5 Nd4 33. Bxe5 1-0

[Event "Portuguese-ch U14-20 2022"]
[Site "Fatima"]
[Date "2022.04.13"]
[Round "6.26"]
[White "Sarabando, Rodrigo Andias"]
[Black "De Medeiros, Sara Soares"]
[Result "1/2-1/2"]
[ECO "E06"]
[WhiteElo "1897"]
[BlackElo "1828"]
[Annotator "NA RC"]
[PlyCount "135"]
[EventDate "2022.04.10"]
[EventType "swiss"]
[EventCountry "POR"]
[SourceTitle "playchess.com"]
[Source "ChessBase"]
[SourceQuality "1"]
[TimeControl "5400+30"]

1. d4 d5 2. c4 e6 3. Nf3 Nf6 4. g3 Be7 5. Bg2 O-O 6. O-O dxc4 7. Ne5 Nc6 8. Nxc6 bxc6 9. Na3 Bxa3 10. bxa3 Ba6 11. Qd2 Rb8 12. Qa5 Rb6 (12... Qxd4 $2 13. Be3 Qd6 14. Qxa6 $18) 13. a4 Qd6 14. a3 Rfb8 15. e4 Qd7 16. Rd1 Bb7 17. Bf4 Rd8 18. Rac1 Ba6 19. h3 h6 20. Be3 Qc8 21. Bf4 Qd7 22. Qe5 Ne8 23. Be3 Rb3 (23... Nd6 $11) 24. Qa5 Qc8 25. Rc3 Qb7 26. Rdc1 Nf6 27. Bf3 Rb8 28. Bf4 Rc8 29. Kg2 $1 $11 {keeps the balance.} Rb2 30. R1c2 Rb3 31. g4 {[#]} Qb6 $1 32. Qc5 Re8 33. Qe5 Nd7 34. Qxc7 Qxc7 35. Bxc7 Nb6 36. Bxb6 Rxc3 37. Rxc3 axb6 38. d5 cxd5 39. exd5 Rd8 40. dxe6 fxe6 41. Be2 Rc8 42. Kf3 Kf7 43. Ke4 Ke7 44. f4 Rc5 45. h4 Ra5 46. Bd1 Bb7+ 47. Ke3 Bd5 48. Kd4 Kd6 49. g5 Ke7 ({Better is} 49... Ra8 $17 50. gxh6 gxh6) 50. Re3 Kf7 51. Bc2 Kf8 (51... Rc5 $11 {remains equal.}) 52. Re5 Kf7 53. f5 hxg5 54. fxe6+ Bxe6 55. Rxa5 bxa5 $11 56. hxg5 Ke7 57. Kc5 Kd7 58. Be4 Kc7 59. Bc2 Kd7 60. Bd1 Kc7 61. Kb5 Kd6 (61... c3 $5 62. Bc2 Kd6 63. Kxa5 Kc5 $11) 62. Kxa5 Kc5 63. Bc2 Bd5 64. Bb1 Bf3 65. Bc2 Bd5 66. Bb1 Bf3 67. Bc2 Bd5 68. Bb1 1/2-1/2

[Event "Portuguese-ch U14-20 2022"]
[Site "Fatima"]
[Date "2022.04.13"]
[Round "6.27"]
[White "Camacho, Filipa Fernandes Bri"]
[Black "Korotkyi, Daniyil"]
[Result "0-1"]
[ECO "A04"]
[WhiteElo "1467"]
[BlackElo "1726"]
[Annotator "NA RC"]
[PlyCount "102"]
[EventDate "2022.04.10"]
[EventType "swiss"]
[EventCountry "POR"]
[SourceTitle "playchess.com"]
[Source "ChessBase"]
[SourceQuality "1"]
[TimeControl "5400+30"]

1. Nf3 Nc6 2. g3 g6 3. Bg2 Bg7 4. O-O e5 5. d3 Nge7 6. c4 O-O 7. Nc3 d6 8. Rb1 a5 9. a3 f5 10. Bd2 h6 11. e3 g5 12. h3 Be6 13. Qe2 Qd7 14. h4 g4 15. Nh2 h5 16. Rbe1 Ng6 17. f3 f4 18. exf4 Nd4 19. Qe4 Bf5 20. Qd5+ Kh7 21. fxe5 Nxe5 22. Ne4 Nxd3 23. Ng5+ Kh8 24. Ne6 Nxe6 25. fxg4 c6 26. Qf3 Nxe1 27. Rxe1 Bxg4 28. Qe4 Nc5 29. Qg6 Qf5 30. Qxd6 Nd3 31. Rf1 Qc5+ 32. Qxc5 Nxc5 33. Re1 Nd3 34. Re7 Bd4+ 35. Be3 Bxe3+ 36. Rxe3 Nc5 37. Re5 Nd7 38. Re7 Rae8 39. Re4 Rxe4 40. Bxe4 Nf6 41. Bd3 Rd8 42. Bf1 Rd1 43. b4 axb4 44. axb4 Ne4 45. Nxg4 hxg4 46. Kg2 Rd2+ 47. Kg1 Nxg3 48. Bg2 Ne2+ 49. Kf1 Nf4 50. Be4 g3 51. b5 Rd1# 0-1

[Event "Portuguese-ch U14-20 2022"]
[Site "Fatima"]
[Date "2022.04.13"]
[Round "6.28"]
[White "Gaspar, Bernardo"]
[Black "Veleirinho, Tomas Carvalho"]
[Result "0-1"]
[ECO "A01"]
[WhiteElo "1365"]
[BlackElo "1641"]
[Annotator "NA RC"]
[PlyCount "128"]
[EventDate "2022.04.10"]
[EventType "swiss"]
[EventCountry "POR"]
[SourceTitle "playchess.com"]
[Source "ChessBase"]
[SourceQuality "1"]
[TimeControl "5400+30"]

1. b3 d5 2. Bb2 Nf6 3. e3 e6 4. f4 Be7 5. Nf3 O-O 6. Nc3 c5 7. Ne2 Nc6 8. Ng3 b6 9. Bd3 Bb7 10. O-O Rc8 11. Ne5 Nxe5 12. fxe5 Ne4 13. Qg4 Nxg3 14. Qxg3 c4 15. Be2 cxb3 16. cxb3 Bb4 17. Bc1 d4 18. Qf4 Bc5 19. Bf3 Bxf3 20. Qxf3 dxe3 21. dxe3 Qg5 22. Qf4 Qxf4 23. Rxf4 Rfd8 24. a3 Rd3 25. b4 Bxe3+ 26. Bxe3 Rxe3 27. Rd4 Rxe5 28. Rad1 g6 29. Rd7 a5 30. bxa5 Rxa5 31. Rb7 Rxa3 32. Rf1 Rf8 33. Rxb6 Ra7 34. h3 Rc8 35. Rb2 Kg7 36. Rff2 Rc1+ 37. Kh2 Rd7 38. Rbe2 Rcd1 39. Ra2 f5 40. Rfe2 Kf6 41. Rab2 e5 42. Rb6+ R1d6 43. Rb5 e4 44. Rbb2 h6 45. Kg3 g5 46. Kf2 Ke5 47. Rb5+ Rd5 48. Rb6 R7d6 49. Rb8 Rd2 50. Re8+ Kf6 51. Rf8+ Kg6 52. Rg8+ Kf7 53. Rh8 Rxe2+ 54. Kxe2 f4 55. Rh7+ Kg6 56. Re7 e3 57. g3 Rd2+ 58. Ke1 Rg2 59. gxf4 gxf4 60. Re8 Kf5 61. Rf8+ Ke4 62. Ra8 Kf3 63. Kf1 e2+ 64. Ke1 Rg1+ 0-1

[Event "Portuguese-ch U14-20 2022"]
[Site "Fatima"]
[Date "2022.04.13"]
[Round "6.29"]
[White "Afonso, Joao Pedro"]
[Black "Nalivaiko, Maksim"]
[Result "1-0"]
[ECO "C64"]
[WhiteElo "1501"]
[BlackElo "1439"]
[Annotator "NA RC"]
[PlyCount "83"]
[EventDate "2022.04.10"]
[EventType "swiss"]
[EventCountry "POR"]
[SourceTitle "playchess.com"]
[Source "ChessBase"]
[SourceQuality "1"]
[TimeControl "5400+30"]

1. e4 e5 2. Nf3 Nc6 3. Bb5 Bc5 4. c3 Nge7 5. O-O O-O 6. d4 exd4 7. cxd4 Bb6 8. d5 a6 9. Ba4 Na7 10. Nc3 Ng6 11. e5 d6 12. Bg5 f6 13. exf6 gxf6 14. Bh6 Rf7 15. Bc2 Bd7 16. a4 Bc5 17. Ne4 Bb4 18. Nd4 Qc8 19. Qf3 Kh8 20. Ng5 Qe8 21. Nxf7+ Qxf7 22. Ne6 Ne5 23. Qe4 Bc5 24. Bg7+ Qxg7 25. Nxg7 Kxg7 26. Qxh7+ Kf8 27. Qh8+ Kf7 28. Qxa8 Bc8 29. b4 Bxb4 30. Qxa7 Bc5 31. Qb8 Bd7 32. Qxc7 Kf8 33. Rae1 Be8 34. Rxe5 fxe5 35. g4 b5 36. g5 bxa4 37. g6 a3 38. g7+ Kg8 39. Qe7 Bxf2+ 40. Kh1 Bg6 41. Qf8+ Kh7 42. Qh8# 1-0

[Event "Portuguese-ch U14-20 2022"]
[Site "Fatima"]
[Date "2022.04.13"]
[Round "6.30"]
[White "Marques, Afonso Mendes Pereir"]
[Black "Bento, David"]
[Result "1-0"]
[ECO "B56"]
[WhiteElo "1550"]
[BlackElo "1282"]
[Annotator "NA RC"]
[PlyCount "107"]
[EventDate "2022.04.10"]
[EventType "swiss"]
[EventCountry "POR"]
[SourceTitle "playchess.com"]
[Source "ChessBase"]
[SourceQuality "1"]
[TimeControl "5400+30"]

1. e4 c5 2. Nf3 Nc6 3. d4 cxd4 4. Nxd4 d6 5. Nc3 Nf6 6. f3 g6 7. Be3 Bg7 8. Bc4 Qb6 9. Bb5 O-O 10. Nf5 Qc7 11. Nxg7 Kxg7 12. Qd2 Rd8 13. O-O-O h5 14. h3 Ne5 15. Bd4 Be6 16. Nd5 Bxd5 17. exd5 Kg8 18. f4 a6 19. fxe5 dxe5 20. Qc3 Qxc3 21. Bxc3 axb5 22. a3 Nxd5 23. Bxe5 b4 24. g4 f6 25. Bg3 hxg4 26. hxg4 bxa3 27. Kb1 axb2 28. Kxb2 g5 29. Rhe1 Kf7 30. Rd3 Nf4 31. Rb3 Rd7 32. Re4 e5 33. Reb4 Ra6 34. Rxb7 Rxb7 35. Rxb7+ Ke6 36. c4 e4 37. Rb3 Rc6 38. Bxf4 gxf4 39. Kc3 Ke5 40. Rb5+ Ke6 41. Rf5 Rd6 42. Rxf4 Rd3+ 43. Kc2 Rd6 44. Rxe4+ Kf7 45. Kc3 Kg6 46. c5 Rd1 47. Kb4 Rc1 48. Rc4 Rb1+ 49. Ka5 f5 50. gxf5+ Kxf5 51. c6 Rb8 52. c7 Rc8 53. Kb6 Ke6 54. Kb7 1-0

[Event "Portuguese-ch U14-20 2022"]
[Site "Fatima"]
[Date "2022.04.13"]
[Round "6.31"]
[White "Almeida, Joao Pedro Dias"]
[Black "Azevedo Junior, Joao Nunes"]
[Result "1-0"]
[ECO "D02"]
[WhiteElo "1508"]
[BlackElo "1831"]
[Annotator "NA RC"]
[PlyCount "91"]
[EventDate "2022.04.10"]
[EventType "swiss"]
[EventCountry "POR"]
[SourceTitle "playchess.com"]
[Source "ChessBase"]
[SourceQuality "1"]
[TimeControl "5400+30"]

1. d4 d5 2. Nf3 Nf6 3. g3 e6 4. Bg2 Bd6 5. c4 c6 6. Nc3 Nbd7 7. O-O h6 8. c5 Bc7 9. Re1 O-O 10. e4 dxe4 11. Nd2 e5 12. Ndxe4 exd4 13. Qxd4 Be5 14. Qd3 Nxe4 15. Nxe4 Nf6 16. Nd6 Nd7 17. Qc2 Qf6 18. Ne4 Qg6 19. f4 Bd4+ 20. Be3 Bxe3+ 21. Rxe3 Nf6 22. Qb3 Nd5 23. Ree1 Rb8 (23... b6 $11) 24. Nd6 b6 25. Bxd5 cxd5 26. Nxc8 Rfxc8 27. Qxd5 Rxc5 28. Qd7 {[%emt 0:01:10] [#]} (28. Qf3 $11) 28... a5 (28... Rc2 $1 $17 29. Rab1 b5) 29. Rac1 Qf5 30. Qxf5 Rxf5 31. Kf2 Kf8 32. Rc7 Re8 33. Rd1 Rc5 34. Rb7 Rc2+ 35. Kf3 Rxb2 36. Rdd7 Rc8 $2 (36... f5 $16) 37. Rxf7+ Ke8 38. Rxg7 Kf8 39. Rgf7+ $2 (39. Rbf7+ Ke8 40. Rh7 Rc3+ 41. Kg4 h5+ 42. Kg5) 39... Kg8 $18 40. f5 Rb8 41. Rg7+ Kf8 42. Rbf7+ Ke8 43. Re7+ Kf8 44. Rgf7+ Kg8 45. f6 Re8 46. Rg7+ 1-0

[Event "Portuguese-ch U14-20 2022"]
[Site "Fatima"]
[Date "2022.04.13"]
[Round "6.32"]
[White "Torres Rodero, Francisco"]
[Black "Areal, Maria Beatriz Moura"]
[Result "1/2-1/2"]
[ECO "B34"]
[WhiteElo "2048"]
[BlackElo "1343"]
[Annotator "TA"]
[PlyCount "103"]
[EventDate "2022.04.10"]
[EventType "swiss"]
[EventCountry "POR"]
[SourceTitle "playchess.com"]
[Source "ChessBase"]
[SourceQuality "1"]
[TimeControl "5400+30"]

1. e4 c5 2. Nf3 Nc6 3. d4 cxd4 4. Nxd4 g6 5. Nc3 Bg7 6. Be3 Nf6 7. Be2 O-O 8. Qd2 d5 {[%emt 0:03:12] B34: Sicilian: Accelerated Dragon with 5 Nc3: sidelines.} 9. exd5 Nxd5 10. O-O-O (10. Nxc6 $11 bxc6 11. Nxd5 Qxd5 12. Qxd5 cxd5 13. O-O-O) 10... Nxc3 (10... Nxe3 $17 11. fxe3 Nxd4 12. exd4 Be6) 11. Qxc3 $11 {[%emt 0:02:39] [#]} Nxd4 $146 (11... Qe8 $5 ) ({Predecessor:} 11... Qe8 12. Qa3 a6 13. Kb1 Nxd4 14. Bxd4 Bxd4 15. Rxd4 Bf5 16. g4 Bxc2+ 17. Ka1 e5 {0-1 (32) Stankiewicz,E (1931)-Rutkowski,E (1832) Zawoja Osrodek 2011}) 12. Bxd4 Bxd4 13. Rxd4 Qb6 14. Bc4 Qc6 15. f3 Be6 16. Bxe6 Qxe6 17. Re1 (17. Qb3 $11 {remains equal.}) 17... Qxa2 $17 18. Rxe7 Qa1+ 19. Kd2 Qg1 20. Rg4 $2 (20. g4 $17) 20... Qxh2 $2 (20... Rfd8+ $19 {and Black stays clearly on top.} 21. Ke2 Rac8) 21. Qf6 (21. Qe3 $17) 21... Rad8+ 22. Kc3 Qb8 (22... Rd6 $19 {is more deadly.} 23. Qg5 Rb6) 23. Rge4 Rc8+ 24. Kb3 Rc6 25. Qh4 (25. Qe5 $17 {was called for.}) 25... Rb6+ (25... Qd8 $19 {Hoping for ...Qd5+.} 26. Rd4 Rb6+ 27. Kc3 (27. Ka2 Ra6+ 28. Kb3 Qa5 $17) 27... Rd6 28. Rxd6 Qxd6) 26. Rb4 Qd6 27. Rxb6 ({Better is} 27. Qe4 $1 $15) 27... Qxb6+ 28. Qb4 {[%emt 0:01:14] [#]} Qxb4+ ({Black should play} 28... Qf2 $1 $17 29. Rxb7 Qxg2) 29. Kxb4 {[%emt 0:00:05][%mdl 4096] Endgame KR-KR. The position is equal.} Rb8 30. c4 Kg7 31. Kb5 Kf6 32. Rc7 h5 33. b4 Ke6 34. c5 f6 35. Ka5 g5 36. b5 g4 37. fxg4 hxg4 38. c6 bxc6 39. Rxc6+ Ke5 {[%emt 0:00:43] [#] White must now prevent ...Rb7.} 40. Ka6 {[%emt 0:00:54] Against Rb7} f5 41. Rc5+ Kf4 42. Kxa7 Rd8 43. Rc2 Rd1 44. b6 {[%emt 0:00:18] Threatens to win with Rc3.} Ra1+ 45. Kb8 {[%emt 0:00:03] Strongly threatening Rc3.} Rb1 46. b7 {[%emt 0:00:08] aiming for Rc3.} Kg3 47. Kc7 f4 48. b8=Q Rxb8 49. Kxb8 f3 50. gxf3 gxf3 51. Rc6 f2 52. Rg6+ {[%emt 0:00:12] Whites escaped into a draw.  Weighted Error Value: White=0.40/Black=0.38} 1/2-1/2